 Dungeon Crawl Stone Soup version 0.24.1-14-gf8d2b509d9 (webtiles) character file.

Game seed: 6348042158461652046, levelgen mode: deterministic

122 Hugehornet the Chopper (level 5, -5/32 HPs)
             Began as a Gargoyle Fighter on May 20, 2020.
             Killed by divine providence
             ... invoked by an orc priest
              (14 damage)
             ... on level 3 of the Dungeon.
             The game lasted 00:04:17 (1935 turns).

Hugehornet the Chopper (Gargoyle Fighter)           Turns: 1935, Time: 00:04:17

Health: -5/32      AC: 12    Str: 20    XL:     5   Next: 6%
Magic:  5/5        EV:  7    Int: 14    God:
Gold:   205        SH:  9    Dex:  9    Spells: 4/4 levels left

rFire    . . .     SeeInvis .   a - +0 war axe
rCold    + + .     Gourm    .   c - +0 shield
rNeg     + . .     Faith    .   r - +2 scale mail {rC+}
rPois    ∞         Spirit   .   (no helmet)
rElec    +         Reflect  .   (no cloak)
rCorr    .         Harm     .   (no gloves)
MR       .....                  (no boots)
Stlth    ..........             (no amulet)
HPRegen  0.10/turn              m - ring of protection from cold
MPRegen  0.09/turn              (no ring)

@: brilliant
A: negative energy resistance 1, electricity resistance, unbreathing,
petrification resistance, rot immunity, AC +4
a: no special abilities


You were on level 3 of the Dungeon.
You were not hungry.

You visited 1 branch of the dungeon, and saw 3 of its levels.

You collected 205 gold pieces.

Inventory:

Hand Weapons
 a - a +0 war axe (weapon)
Armour
 c - a +0 shield (worn)
 r - a +2 scale mail of cold resistance (worn)
Jewellery
 m - a ring of protection from cold (left hand)
Scrolls
 e - 2 scrolls of enchant armour {unknown}
 i - 2 scrolls of magic mapping {unknown}
 j - a scroll of amnesia {unknown}
 k - 4 scrolls of remove curse {unknown}
 l - 2 scrolls of identify {unknown}
 n - a scroll of teleportation {unknown}
 p - a scroll of fog {unknown}
Potions
 b - a potion of haste {unknown}
 d - a potion of might
 g - a potion of heal wounds {unknown}
 h - a potion of curing {unknown}
 o - a potion of brilliance
Comestibles
 f - 8 rations


   Skills:
 - Level 3.2 Fighting
 + Level 4.6 Axes
 - Level 3.2 Armour
 - Level 3.2 Shields


You had 4 spell levels left.
You didn't know any spells.
Your spell library was empty.

Dungeon Overview and Level Annotations

Branches:
Dungeon (3/15)

Altars:


Innate Abilities, Weirdness & Mutations

You are resistant to torment.
Your stone body is resilient. (AC +4)
You are immune to poison.
You resist negative energy. (rN+)
You are resistant to electric shocks. (rElec)
You can survive without breathing.
You are immune to petrification.
You are immune to rotting.


Message History

The dart slug is almost dead.
You barely miss the orc. You hit the orc priest.
The orc priest hits you but does no damage.
You block the orc's attack. The dart slug launches a dart at you.
The slug dart hits you but does no damage.
You slash the dart slug!
You kill the dart slug!
You hit the orc priest. You hit the orc.
The orc priest hits you but does no damage.
The orc hits you but does no damage.
The orc priest calls down the wrath of Beogh upon you.
Beogh smites you!
* * * LOW HITPOINT WARNING * * *
Something hits you but does no damage.
You blink.
It was a potion of brilliance.
You feel clever all of a sudden.
The orc priest invokes the aid of Beogh against you.
Beogh smites you!
You die...

#### ##...# #.....#
....... ....... # #
.......###.#.##
#......@....#..
##..#....##.#.#
#...##o##.#.# #
...... ...o#.# .
###.. #.#o†#.# .#
#...##.#o§#.##.#
........).)....#...
#.#.###....$........
.......#.####..


You could see 2 orc priests and an orc.

Vanquished Creatures
  Terence (D:2)
  Robin (D:3)
  An adder (D:2)
  3 dart slugs
  A leopard gecko (D:3)
  A giant cockroach (D:1)
  13 goblins
  9 hobgoblins
  6 jackals (D:3)
  6 kobolds
  2 quokkas
  3 ball pythons
  9 bats
  4 frilled lizards
  6 rats
66 creatures vanquished.

Vanquished Creatures (others)
  10 toadstools (D:3)
10 creatures vanquished.

Grand Total: 76 creatures vanquished

Notes
Turn   | Place    | Note
-------+----------+-------------------------------------------
     0 | D:1      | Hugehornet the Gargoyle Fighter began the quest for the
                  | Orb.
     0 | D:1      | Reached XP level 1. HP: 14/14 MP: 1/1
    66 | D:1      | Reached skill level 2 in Axes
   149 | D:1      | Reached XP level 2. HP: 18/19 MP: 2/2
   823 | D:2      | Noticed Terence
   834 | D:2      | Killed Terence
   834 | D:2      | Reached skill level 3 in Axes
   834 | D:2      | Reached XP level 3. HP: 20/23 MP: 3/3
  1202 | D:2      | Reached XP level 4. HP: 28/28 MP: 4/4
  1388 | D:2      | Reached skill level 4 in Axes
  1599 | D:3      | Noticed Robin
  1614 | D:3      | Killed Robin
  1867 | D:3      | Reached XP level 5. HP: 27/32 MP: 5/5
  1935 | D:3      | Killed from afar by an orc priest

Levels and vault maps discovered:
D:1:      psy_arrival_basics, layout_loops_ring, dk_noncrumbling_3
D:2:      layout_loops_ring, first_ration, uniq_terence
D:3:      cheibrodos_fertilizer, layout_loops_ring, uniq_robin

Skill      XL: |  1  2  3  4 |
---------------+-------------+-----
Axes           | 2 3 4 |  4.6
Fighting       | |  3.2
Armour         | |  3.2
Shields        | |  3.2

Action                   |  1- 3 |  4- 6 || total
-------------------------+-------+-------++-------
Melee: War axe           |    92 |   102 ||   194
  Use: Potion            |       |     1 ||     1
  Eat: Chunk             |     1 |     3 ||     4
Armor: Scale mail        |    39 |    89 ||   128
Dodge: Dodged            |    27 |    38 ||    65
Block: Shield            |    47 |    75 ||   122
